 Dungeon Crawl Stone Soup version 0.25.0-8-gfd19cd77bd (webtiles) character file.

Game seed: 14290473376857061115

58277 Kerr0r the Warrior (level 14, -4/124 HPs)
             Began as a Hill Orc Berserker on June 16, 2020.
             Was a High Priest of Trog.
             Slain by an apocalypse crab (8 damage)
             ... on level 2 of the Abyss.
             The game lasted 01:04:33 (19160 turns).

Kerr0r the Warrior (Hill Orc Berserker)            Turns: 19160, Time: 01:04:33

Health: -4/124     AC: 24    Str: 25      XL:     14   Next: 89%
Magic:  14/14      EV: 23    Int:  3 (7)  God:    Trog [*****.]
Gold:   1794       SH:  4    Dex:  8      Spells: 13/13 levels left

rFire    . . .     SeeInvis .   F - +7 falchion of Hibbef {vamp, rPois rC+ Dex-2 Stlth+}
rCold    + . .     Gourm    .   (no shield)
rNeg     . . .     Faith    .   b - +4 plate armour
rPois    +         Spirit   .   (helmet restricted)
rElec    .         Reflect  .   m - scarf {repulsion}
rCorr    .         Harm     .   B - +2 pair of gloves
MR       +++..     Rnd*Rage +   z - +0 pair of boots
Stlth    ..........             (no amulet)
HPRegen  0.00/turn              l - ring of protection from magic
MPRegen  0.14/turn              t - ring of Phasing {EV+8}

@: agile, berserk cooldown, non-regenerating, mildly diseased, slowed, lightly
drained, repel missiles, very slow
A: horns 1, large bone plates 1, berserk 1, frail 1, magic resistance 1, sense
surroundings 1
a: Berserk, Trog's Hand, Brothers in Arms, Renounce Religion


You were on level 2 of the Abyss.
You worshipped Trog.
Trog was extremely pleased with you.
You were very hungry.

You visited 3 branches of the dungeon, and saw 18 of its levels.
You visited the Abyss 1 time.

You collected 1954 gold pieces.
You spent 160 gold pieces at shops.

Inventory:

Hand Weapons
 a - a +0 hand axe
 F - the +7 falchion of Hibbef (weapon) {vamp, rPois rC+ Dex-2 Stlth+}
   (You found it on level 5 of the Dungeon)

   It inflicts no extra harm, but heals its wielder when it wounds a living foe.
   It affects your dexterity (-2).
   It protects you from cold.
   It protects you from poison.
   It makes you more stealthy.
 L - a +4 scimitar of flaming
 N - a +4 executioner's axe of flaming
Armour
 b - a +4 plate armour (worn)
 e - a +1 cloak
 k - a +0 scale mail
 m - a scarf of repulsion (worn)
 z - a +0 pair of boots (worn)
 B - a +2 pair of gloves (worn)
 Q - a +1 helmet
Jewellery
 l - a ring of protection from magic (left hand)
 n - an uncursed ring of protection from cold
 t - the ring of Phasing (right hand) {EV+8}
   (You found it on level 4 of the Dungeon)

   [ring of evasion]

   It affects your evasion (+8).
 H - an uncursed ring of flight
 M - an uncursed ring of ice
 W - an uncursed amulet of reflection
 Y - an uncursed ring of ice
Wands
 C - a wand of paralysis (9)
 D - a wand of iceblast (12)
 K - a wand of acid (21)
 P - a wand of disintegration (30)
 R - a wand of polymorph (8)
 U - a wand of random effects (14)
Scrolls
 i - 9 scrolls of teleportation
 q - 5 scrolls of remove curse
 r - 2 scrolls of immolation
 s - 4 scrolls of fog
 v - a scroll of magic mapping
 y - 2 scrolls of amnesia
 J - 4 scrolls of identify
 O - 4 scrolls of vulnerability
Potions
 d - 6 potions of mutation
 f - 2 potions of resistance
 g - 3 potions of stabbing
 h - 3 potions of heal wounds
 j - 3 potions of invisibility
 p - 4 potions of magic
 w - 3 potions of haste
 x - 9 potions of curing
 A - 4 potions of degeneration
 E - 3 potions of flight
 G - 2 potions of might
 I - 5 potions of berserk rage {unknown}
 T - a potion of brilliance {unknown}
 V - a potion of cancellation {unknown}
 X - 2 potions of lignification {unknown}
Comestibles
 c - 29 rations


   Skills:
 - Level 16.9(16.5) Fighting
 - Level 14.0(13.6) Long Blades
 - Level 10.8(10.5) Axes
 + Level 11.6(11.3) Armour
 + Level 9.1(8.8) Dodging


You had 13 spell levels left.
You didn't know any spells.
Your spell library was empty.

Dungeon Overview and Level Annotations

Branches:
Dungeon (10/15)            Temple (0/1) D:7            Lair (6/6) D:8
  Swamp (0/4) Lair:4        Snake (0/4) Lair:4        Slime (0/5) Lair:6
    Orc (2/2) D:10
    Elf: Orc:2

Altars:
Ashenzari
Cheibriados
Elyvilon
Hepliaklqana
Nemelex Xobeh
Ru
Sif Muna
Uskayaw
Vehumet
Yredelemnul
The Shining One
Beogh
Jiyva

Shops:
D:4 :   D:5 !   D:8 *   Orc:2 }}=:


Innate Abilities, Weirdness & Mutations

You have a pair of small horns on your head.
You are partially covered in large bone plates. (SH +4)
You tend to lose your temper in combat.
You are frail. (-10% HP)
You are resistant to hostile enchantments. (MR+)
You passively map a small area around you.


Message History

Something hits you!!
* * * LOW HITPOINT WARNING * * *
The apocalypse crab is engulfed in seething chaos.
The apocalypse crab seems to grow stronger.
The apocalypse crab bites you!
* * * LOW HITPOINT WARNING * * *
The apocalypse crab claws you.
* * * LOW HITPOINT WARNING * * *
You feel drained.
Okay, then.
You feel much better. Something hits you!!!
* * * LOW HITPOINT WARNING * * *
The apocalypse crab bites you but does no damage.
The apocalypse crab misses you. Something misses you.
Your ogre goes berserk!
You are feeling very hungry.
The apocalypse crab barely misses you. The apocalypse crab claws you!
* * * LOW HITPOINT WARNING * * *
The apocalypse crab shocks you!
You die...

. .. . . x .
##......# # .
.# # #......#
...#..# # . .
#......# .. .
#......# .
#......# #t .
#......#..## #
#....t.#...# .
#...@{.#...#
#.......# #.#
. #.O....## .
#.......... .
.
#########.#..#
# # . # . .


You could see an apocalypse crab (strong) and a friendly ogre (summoned,
berserk).

Vanquished Creatures
  A bone dragon (Abyss:2)
  An entropy weaver (Lair:6)
  A fire dragon (Lair:6)
  6 hydras
  Erica (D:8)
  A two-headed ogre (D:9)
  A death yak (Lair:5)
  A queen ant (Lair:6)
  2 orc high priests (Orc:2)
  2 orc knights
  A lindwurm (Lair:6)
  Pikel (D:5)
  An orc sorcerer (Orc:2)
  5 elephants (Lair:4)
  A worldbinder (Abyss:2)
  5 black mambas
  Psyche (D:8)
  A smoke demon (Abyss:2)
  An apocalypse crab (Abyss:2)
  4 torpor snails
  11 spiny frogs
  2 rime drakes
  An ancient zyme (Abyss:2)
  3 komodo dragons
  3 hornets
  6 polar bears (Lair:6)
  2 large abominations (Abyss:2)
  4 tyrant leeches (Lair:6)
  The ghost of iamserjio the Chiller, an amateur GnIE (D:7)
  A bog body (Lair:4)
  2 raiju (Lair:6)
  A dream sheep (Lair:6)
  12 blink frogs
  5 hippogriffs
  Sigmund (D:5)
  4 hogs (D:9)
  2 wyverns (Lair:4)
  A human (D:9)
  3 neqoxecs (Abyss:2)
  29 yaks
  2 basilisks
  2 hungry ghosts
  Edmund (D:5)
  A naga (Lair:4)
  5 wargs
  15 soldier ants (Lair:6)
  A small abomination (Abyss:2)
  15 hell hounds
  3 porcupines
  Duvessa (D:4)
  9 water moccasins
  11 black bears
  16 orc warriors
  2 ice beasts
  21 wolves
  11 ogres
  4 centaurs
  7 crocodiles
  13 bullfrogs
  Dowan (D:4)
  2 scorpions
  5 killer bees (D:10)
  8 wights
  An electric eel (Lair:3)
  A crimson imp (D:7)
  2 bullfrog zombies (D:9)
  5 hounds
  A centaur skeleton (D:9)
  6 jellies
  2 quasits
  8 orc priests
  2 bullfrog skeletons
  An iron imp (D:9)
  An iguana (D:7)
  16 orc wizards
  Ijyb (D:5)
  32 worker ants
  2 hound zombies
  A hound skeleton (D:5)
  4 gnolls (D:6)
  9 adders
  3 shadow imps
  An ufetubus (Abyss:2)
  An ooze (D:2)
  An adder zombie (D:8)
  2 adder skeletons
  5 worms
  2 dart slugs
  6 leopard geckos
  68 orcs
  2 ball pythons
  5 giant cockroaches
  2 gnoll zombies (D:8)
  3 goblins
  7 hobgoblins
  9 jackals
  5 quokkas
  8 bats
  9 frilled lizards
  2 goblin skeletons (D:9)
  2 goblin zombies (D:9)
  A hobgoblin zombie (D:9)
  3 jackal skeletons
  6 kobolds
  A kobold zombie (D:9)
  A leopard gecko skeleton (D:6)
  2 orc skeletons (D:9)
  2 orc zombies (D:9)
  A quokka skeleton (D:4)
  11 rats
554 creatures vanquished.

Vanquished Creatures (collateral kills)
  An orc warlord (Orc:2)
  An entropy weaver (Lair:6)
  A hydra (Lair:6)
  A two-headed ogre (Orc:2)
  An orc high priest (Orc:2)
  A large abomination (Abyss:2)
  3 orc knights (Orc:2)
  2 orc sorcerers (Orc:2)
  4 polar bears (Lair:6)
  A troll (Orc:2)
  4 dream sheep (Lair:6)
  2 blink frogs (Lair:2)
  3 yaks (Lair:2)
  5 soldier ants (Lair:6)
  A warg (Orc:2)
  A hell hound (Lair:6)
  8 orc warriors (Orc:2)
  4 black bears (Lair:6)
  4 wolves (Lair:6)
  A crocodile (Lair:6)
  2 orc priests (Orc:2)
  A worker ant (Lair:6)
  9 orcs (Orc:2)
61 creatures vanquished.

Vanquished Creatures (others)
  A slave (D:5)
  A centaur (D:5)
  An adder (D:3)
  An orc (Orc:2)
  8 fungi
  26 plants
38 creatures vanquished.

Grand Total: 653 creatures vanquished

Notes
Turn   | Place    | Note
-------+----------+-------------------------------------------
     0 | D:1      | Kerr0r the Hill Orc Berserker began the quest for the Orb.
     0 | D:1      | Reached XP level 1. HP: 19/19 MP: 1/1
   419 | D:1      | Reached skill level 4 in Fighting
   419 | D:1      | Reached XP level 2. HP: 27/27 MP: 2/2
   706 | D:2      | Found a glowing golden altar of the Shining One.
   857 | D:2      | Found a radiant altar of Vehumet.
   941 | D:2      | Reached XP level 3. HP: 34/34 MP: 3/3
  1066 | D:2      | Reached skill level 5 in Axes
  1153 | D:2      | Found a hazy altar of Hepliaklqana.
  1262 | D:2      | Reached ** piety under Trog
  1370 | D:2      | Reached XP level 4. HP: 41/41 MP: 4/4
  1708 | D:3      | Noticed a centaur
  1866 | D:3      | Found a snail-covered altar of Cheibriados.
  1910 | D:3      | You fall into a shaft and drop 1 floor!
  1945 | D:4      | Reached skill level 5 in Fighting
  1952 | D:3      | Found a hide-covered altar of Uskayaw.
  1953 | D:3      | Reached XP level 5. HP: 16/48 MP: 5/5
  2322 | D:3      | You fall into a shaft and drop 2 floors!
  2322 | D:5      | Entered Level 5 of the Dungeon
  2330 | D:5      | Noticed Edmund
  2332 | D:5      | Noticed an ogre
  2343 | D:5      | Killed Edmund
  2343 | D:5      | Reached skill level 6 in Fighting
  2343 | D:5      | Reached XP level 6. HP: 57/57 MP: 6/6
  2378 | D:5      | Found a shattered altar of Ashenzari.
  2382 | D:5      | Noticed Sigmund
  2401 | D:5      | Killed Sigmund
  2401 | D:5      | Reached skill level 7 in Fighting
  2401 | D:5      | Reached XP level 7. HP: 66/66 MP: 7/7
  2941 | D:5      | Found Antedesei's Distillery.
  3040 | D:5      | Noticed Pikel
  3082 | D:5      | Killed Pikel
  3082 | D:5      | Reached skill level 8 in Fighting
  3082 | D:5      | Reached XP level 8. HP: 77/77 MP: 8/8
  3416 | D:4      | Reached skill level 9 in Fighting
  3490 | D:4      | Found the ring of Phasing {EV+8}
  3598 | D:4      | Found Zizapsot's Book Shoppe.
  3654 | D:4      | Noticed Duvessa
  3654 | D:4      | Noticed Dowan
  3665 | D:4      | Killed Duvessa
  3665 | D:4      | Reached skill level 10 in Axes
  3665 | D:4      | Killed Dowan
  3784 | D:4      | Reached *** piety under Trog
  3954 | D:4      | Found a shimmering blue altar of Sif Muna.
  4646 | D:5      | Bought a potion of heal wounds for 50 gold pieces
  4646 | D:5      | Bought a potion of haste for 100 gold pieces
  4646 | D:5      | Bought a potion of degeneration for 10 gold pieces
  4646 | D:5      | Gained mutation: You are frail. (-10% HP) [potion of
                  | mutation]
  4646 | D:5      | Gained mutation: You are resistant to hostile enchantments.
                  | (MR+) [potion of mutation]
  4666 | D:5      | Noticed Ijyb
  4677 | D:5      | Killed Ijyb
  4866 | D:5      | Got an ancient falchion
  4867 | D:5      | Identified the +7 falchion of Hibbef {vamp, rPois rC+ Dex-2
                  | Stlth+} (You found it on level 5 of the Dungeon)
  5218 | D:6      | Reached skill level 10 in Fighting
  5218 | D:6      | Reached XP level 9. HP: 76/76 MP: 9/9
  5252 | D:6      | Reached skill level 1 in Long Blades
  5372 | D:6      | Found a sparkling altar of Nemelex Xobeh.
  5550 | D:6      | Reached **** piety under Trog
  5666 | D:7      | Found a staircase to the Ecumenical Temple.
  5740 | D:7      | Found a runed translucent door.
  5773 | D:7      | Reached skill level 5 in Long Blades
  5963 | D:7      | Reached skill level 11 in Fighting
  6168 | D:7      | Found a white marble altar of Elyvilon.
  6186 | D:7      | Reached XP level 10. HP: 86/86 MP: 10/10
  6318 | D:7      | Noticed iamserjio's ghost (amateur GnIE)
  6340 | D:7      | Killed iamserjio's ghost
  6419 | D:8      | You fall into a shaft and drop 2 floors!
  6419 | D:10     | Entered Level 10 of the Dungeon
  6573 | D:9      | Reached ***** piety under Trog
  6583 | D:9      | Found a glowing golden altar of the Shining One.
  6702 | D:9      | Noticed a two-headed ogre
  6713 | D:9      | Killed a two-headed ogre
  6713 | D:9      | Reached skill level 12 in Fighting
  6853 | D:9      | Reached skill level 10 in Long Blades
  7003 | D:8      | Found Cenoe's Assorted Antiques.
  7134 | D:8      | Found a staircase to the Lair.
  7545 | D:8      | Reached XP level 11. HP: 94/94 MP: 11/11
  7604 | D:8      | Noticed Erica
  7624 | D:8      | Killed Erica
  7913 | Lair:1   | Entered Level 1 of the Lair of Beasts
  7997 | Lair:1   | Received a gift from Trog
  8001 | Lair:1   | Reached skill level 13 in Fighting
  9902 | Lair:3   | Reached skill level 14 in Fighting
  9902 | Lair:3   | Reached XP level 12. HP: 105/105 MP: 12/12
 10212 | Lair:3   | Noticed a four-headed hydra
 10223 | Lair:3   | Killed a one-headed hydra
 11162 | Lair:4   | Found a staircase to the Snake Pit.
 11519 | Lair:4   | Reached skill level 15 in Fighting
 11919 | Lair:4   | Noticed a four-headed hydra
 11927 | Lair:4   | Killed a one-headed hydra
 11927 | Lair:4   | Reached skill level 16 in Fighting
 12074 | Lair:4   | Found a staircase to the Swamp.
 12688 | Lair:5   | Received a gift from Trog
 13023 | Lair:5   | Noticed a death yak
 13039 | Lair:5   | Killed a death yak
 13039 | Lair:5   | Reached XP level 13. HP: 117/117 MP: 13/13
 13195 | Lair:6   | Entered Level 6 of the Lair of Beasts
 13557 | Lair:6   | Noticed an entropy weaver
 13557 | Lair:6   | Noticed an entropy weaver
 13681 | Lair:6   | Killed an entropy weaver
 13681 | Lair:6   | Reached skill level 5 in Armour
 13697 | Lair:6   | Killed an entropy weaver
 13952 | Lair:6   | Received a gift from Trog
 14118 | Lair:6   | Reached skill level 5 in Dodging
 14240 | Lair:6   | Found a viscous altar of Jiyva.
 14247 | Lair:6   | Found a staircase to the Slime Pits.
 15140 | Lair:6   | Reached XP level 14. HP: 124/124 MP: 14/14
 15740 | Lair:6   | Found a runed translucent door.
 16363 | D:8      | Noticed Psyche
 16371 | D:8      | Killed Psyche
 16371 | D:8      | Reached skill level 10 in Armour
 16497 | D:8      | Found a basalt altar of Yredelemnul.
 16871 | D:9      | Received a gift from Trog
 16933 | D:9      | Found a sacrificial altar of Ru.
 17197 | D:10     | Found a staircase to the Orcish Mines.
 17340 | Orc:1    | Entered Level 1 of the Orcish Mines
 17762 | Orc:2    | Entered Level 2 of the Orcish Mines
 17800 | Orc:2    | Noticed an orc warlord
 17824 | Orc:2    | Killed an orc warlord
 17882 | Orc:2    | Found a roughly hewn altar of Beogh.
 18290 | Orc:2    | Reached ****** piety under Trog
 18516 | Orc:2    | Found Nothahirucw's Jewellery Emporium.
 18516 | Orc:2    | Found Safy's Book Shop.
 18528 | Orc:2    | Found Zavuen Guimn's Gadget Emporium.
 18528 | Orc:2    | Found Bioq Eps's Gadget Shop.
 18531 | Orc:2    | Cast into level 2 of the Abyss (orc warrior)
 18893 | Abyss:2  | Noticed a bone dragon
 18923 | Abyss:2  | Killed a bone dragon
 18968 | Abyss:2  | Gained mutation: You have a pair of small horns on your
                  | head. [a neqoxec]
 18977 | Abyss:2  | Gained mutation: You are partially covered in large bone
                  | plates. (SH +4) [a neqoxec]
 18977 | Abyss:2  | Gained mutation: You tend to lose your temper in combat. [a
                  | neqoxec]
 19056 | Abyss:2  | Gained mutation: You passively map a small area around you.
                  | [a neqoxec]
 19160 | Abyss:2  | HP: 4/124 [apocalypse crab (7)]
 19160 | Abyss:2  | Slain by an apocalypse crab

Illustrated notes

Levels and vault maps discovered:
D:1:      lemuel_arrival_room, layout_basic, nrook_mini_vaults
D:2:      layout_loops_ring, fiery_altar_vehumet, old_standard_altar,
          nicolae_overflow_hidden_temple
D:3:      layout_basic, lemuel_doored_altar, lemuel_round_altar
D:4:      layout_cave_pools, lemuel_blue_sif_altar, gup_sewer_entry_pipe,
          serial_shops, nicolae_shop_crystal, uniq_duvessa
D:5:      layout_basic, evilmike_ruin_ashenzari, first_ration, chequers_jeans,
          kennysheep_windowed_goal, uniq_edmund, uniq_sigmund, uniq_ijyb,
          uniq_pikel
D:6:      layout_basic, nemelex_altar_shiori
D:7:      layout_cave_pools, elyvilon_altar_1, temple_fountains,
          gammafunk_ghost_grave, minmay_fractal_squares_5
D:8:      minmay_razor_zed, layout_basic, lemuel_zombie_altar_yredelemnul,
          lair_entry_dummy, serial_shops, shop, uniq_erica, uniq_psyche
D:9:      layout_basic, nicolae_overflow_crystal_walls, grunt_livestock,
          nicolae_tso_besieged_by_evil
D:10:     layout_basic, david_orc_2, serial_shops, nicolae_shop_window_shopping
Lair:1:   layout_hall_layers, grunt_megastairs_4
Lair:2:   layout_cave_pods
Lair:3:   layout_cave_pods, serial_bayou_ford_a, grunt_megastairs_2
Lair:4:   layout_cave_pods, skrybe_swamp_entry_bodies,
          guppyfry_snake_entry_island, chequers_serial_rivers_room_a,
          chequers_serial_rivers_room_a, beast_lair_carwin_11
Lair:5:   layout_regular_city, nicolae_quartered_pool_little
Lair:6:   hangedman_lair_caniforms_friends, layout_regular_city, wormcave,
          dpeg_slime_entry_enclosed_altar, chequers_serial_rivers_micro_d,
          zaba_anthell
Orc:1:    layout_diamond_mine, serial_shops, shop
Orc:2:    grunt_orc_tribal_feast, layout_diamond_mine, basic_altar,
          mines_bat_river
Abyss:2:  base: D:13, base: D:9, hangedman_elemental_corridor

Skill      XL: |  1  2  3  4  5  6  7  8  9 10 11 12 13 14 |
---------------+-------------------------------------------+-----
Fighting       | 4 5 6 7 8 10 11 12 14 16 | 16.9
Axes           | 5 6 7 9 10 | 10.8
Long Blades    | 7 10 13 14 | 14.0
Armour         | 8 11 | 11.6
Dodging        | 6 9 |  9.1

Action                   |  1- 3 |  4- 6 |  7- 9 | 10-12 | 13-15 || total
-------------------------+-------+-------+-------+-------+-------++-------
Melee: Hand axe          |   118 |   105 |   231 |       |       ||   454
       Falchion          |       |       |   134 |   606 |  1050 ||  1790
       Scimitar          |       |       |       |     9 |    33 ||    42
       Headbutt          |       |       |       |       |    15 ||    15
Invok: Berserk           |     2 |     4 |    11 |    18 |    25 ||    60
       Trog's Hand       |       |     1 |     1 |       |     4 ||     6
       Brothers in Arms  |       |       |       |     1 |    11 ||    12
  Use: Scroll            |       |     2 |     1 |    23 |     8 ||    34
       Potion            |       |       |     2 |       |     1 ||     3
  Eat: Chunk             |     2 |     7 |    25 |    31 |    40 ||   105
       Ration            |       |       |       |     3 |     3 ||     6
Armor: Animal skin       |     5 |       |       |       |       ||     5
       Scale mail        |    48 |    22 |   106 |   116 |   172 ||   464
       Plate armour      |       |       |       |       |    85 ||    85
Dodge: Dodged            |    41 |    40 |   274 |   322 |   766 ||  1443
       Repelled          |       |       |       |       |     6 ||     6
Block: Other             |       |       |       |       |     6 ||     6
       Rpst.: Falchion   |       |       |    44 |   103 |   184 ||   331
       Scimitar          |       |       |       |       |     7 ||     7
